 Dungeon Sprint DCSS version 0.21.2 (webtiles) character file.

923 Fang the Cleaver (level 8, 0/59 HPs)
             Began as a Gargoyle Berserker on Oct 1, 2018.
             Was a High Priest of Trog.
             Slain by an orc priest (2 damage)
             ... in the Dungeon (Sprint VII: "The Pits").
             The game lasted 00:01:29 (428 turns).

Fang the Cleaver (Gargoyle Berserker)                Turns: 428, Time: 00:01:30

Health: 0/59       AC: 19    Str: 23    XL:     8   Next: 10%
Magic:  8/8        EV: 10    Int:  8    God:    Trog [*****.]
Gold:   0          SH:  0    Dex:  9    Spells: 7/7 levels left

rFire    . . .     SeeInvis .   m - +0 hand axe (chop)
rCold    . . .     Gourm    .   (no shield)
rNeg     + . .     Faith    .   n - +3 chain mail
rPois    ∞         Spirit   .   (no helmet)
rElec    +         Reflect  .   (no cloak)
rCorr    .         Harm     .   (no gloves)
MR       .....     NoTele   +   (no boots)
Stlth    ..........             (no amulet)
HPRegen  0.19/turn              (no ring)
MPRegen  0.11/turn              (no ring)

@: no status effects
A: negative energy resistance 1, electricity resistance, unbreathing,
petrification resistance, rot immunity, AC +5
a: Berserk, Trog's Hand, Brothers in Arms, Burn Spellbooks, Renounce Religion


You were in the Dungeon.
You worshipped Trog.
Trog was extremely pleased with you.
You were hungry.

You visited 1 branch

Inventory:

Hand Weapons
 b - a +2 battleaxe of chopping
 j - a +2 hand axe
 m - a +0 hand axe of chopping (weapon)
Armour
 n - a +3 chain mail (worn)
Scrolls
 i - a scroll of blinking
 k - 3 scrolls of remove curse
 l - a scroll of summoning
Potions
 a - 2 potions of invisibility
 d - 6 potions of curing
 e - 6 potions of heal wounds
 f - a potion of haste
 g - 4 potions of magic
 h - 3 potions of berserk rage
Comestibles
 c - 9 rations


   Skills:
 + Level 10.6 Fighting
 + Level 10.7 Axes
 + Level 6.9 Armour
 + Level 5.7 Dodging
 + Level 1.2 Stealth


You had 7 spell levels left.
You didn't know any spells.

Dungeon Overview and Level Annotations

Branches:
Dungeon (1/1)

Altars:
Cheibriados
Dithmenos
Elyvilon
Fedhas
Gozag
Hepliaklqana
Makhleb
Nemelex Xobeh
Okawaru
Qazlal
Ru
Sif Muna
Trog
Vehumet
Wu Jian
Xom
Yredelemnul
Zin
The Shining One
Beogh
Jiyva
Lugonu

Annotations:
D Ijyb


Innate Abilities, Weirdness & Mutations

You are resistant to torment.
Your stone body is resilient. (AC +5)
You are immune to poison.
You resist negative energy. (rN+)
You are resistant to electric shocks. (rElec)
You can survive without breathing.
You are immune to petrification.
You are immune to rotting.


Message History

The orc priest hits you but does no damage.
The orc priest calls down the wrath of Beogh upon you.
Beogh smites you!
* * * LOW HITPOINT WARNING * * *
You hit the orc priest.
The orc priest is almost dead.
The orc priest barely misses you.
The orc priest calls upon Beogh to heal the orc priest.
The orc priest is healed somewhat.
You slash the orc priest!
You kill the orc priest!
Trog accepts your kill. The orc priest misses you.
There is an open door, spattered with blood here.
Things that are here:
a short sword of venom; an orc corpse You hit the orc priest.
The orc priest is moderately wounded.
The orc priest hits you.
You die...

#.#[[###'####.......#
#.##'#.†)..##...<...#
#.#........##.......#
#.#........##.......#
#'###########.......#
#÷).....#.. #########
#≈......#g#
#...#...#o#
#..###..#@#
#...#...#.+
#.......#†#
#.......'.#
###########


You could see Ijyb and an orc priest.

Vanquished Creatures
  A hornet (D)
  A flying skull (D)
  A hungry ghost (D)
  2 floating eyes (D)
  A sky beast (D)
  A big kobold (D)
  A quasit (D)
  An orc priest (D)
  An adder (D)
  2 orcs (D)
  A bat zombie (D)
  A giant cockroach (D)
  A goblin (D)
  8 jackals (D)
  A ball python (D)
  A rat (D)
25 creatures vanquished.

Notes
Turn   | Place    | Note
-------+----------+-------------------------------------------
     0 | D        | Fang the Gargoyle Berserker began the quest for the Orb.
     0 | D        | Reached XP level 1. HP: 14/14 MP: 1/1
    20 | D        | Found a bloodstained altar of Trog.
    20 | D        | Found a deep blue altar of Sif Muna.
    20 | D        | Found a viscous altar of Jiyva.
    20 | D        | Found a hazy altar of Hepliaklqana.
    20 | D        | Found an opulent altar of Gozag.
    21 | D        | Found a glowing golden altar of the Shining One.
    21 | D        | Found a glowing silver altar of Zin.
    21 | D        | Found a basalt altar of Yredelemnul.
    21 | D        | Found a shimmering altar of Xom.
    21 | D        | Found an ornate altar of the Wu Jian Council.
    21 | D        | Found a sacrificial altar of Ru.
    21 | D        | Found a stormy altar of Qazlal.
    21 | D        | Found an iron altar of Okawaru.
    21 | D        | Found a sparkling altar of Nemelex Xobeh.
    21 | D        | Found a burning altar of Makhleb.
    21 | D        | Found a blossoming altar of Fedhas.
    21 | D        | Found a white marble altar of Elyvilon.
    21 | D        | Found a shadowy altar of Dithmenos.
    21 | D        | Found a snail-covered altar of Cheibriados.
    23 | D        | Found a radiant altar of Vehumet.
    23 | D        | Found a corrupted altar of Lugonu.
    23 | D        | Found a roughly hewn altar of Beogh.
    64 | D        | Noticed a floating eye
    65 | D        | Paralysed by a floating eye for 4 turns
    72 | D        | Paralysed by a floating eye for 2 turns
    75 | D        | Killed a floating eye
    75 | D        | Reached skill level 5 in Axes
    75 | D        | Reached XP level 2. HP: 23/23 MP: 2/2
    75 | D        | Reached XP level 3. HP: 28/28 MP: 3/3
    75 | D        | Reached XP level 4. HP: 32/32 MP: 4/4
    77 | D        | Reached ** piety under Trog
    98 | D        | Reached *** piety under Trog
   101 | D        | Reached XP level 5. HP: 29/38 MP: 5/5
   104 | D        | Reached **** piety under Trog
   238 | D        | Noticed a hungry ghost
   238 | D        | Noticed a floating eye
   238 | D        | Noticed a big kobold
   240 | D        | Noticed a sky beast
   243 | D        | Paralysed by a floating eye for 2 turns
   246 | D        | Reached ***** piety under Trog
   254 | D        | Killed a hungry ghost
   254 | D        | Reached XP level 6. HP: 45/45 MP: 6/6
   254 | D        | Paralysed by a floating eye for 4 turns
   259 | D        | Reached skill level 5 in Armour
   260 | D        | Killed a floating eye
   260 | D        | Reached XP level 7. HP: 51/51 MP: 7/7
   268 | D        | Received a gift from Trog
   280 | D        | Reached skill level 5 in Dodging
   280 | D        | Reached skill level 1 in Stealth
   322 | D        | Noticed a flying skull
   329 | D        | Killed a flying skull
   329 | D        | Reached skill level 10 in Fighting
   329 | D        | Reached skill level 10 in Axes
   363 | D        | Noticed a hornet
   370 | D        | Killed a hornet
   370 | D        | Reached XP level 8. HP: 59/59 MP: 8/8
   410 | D        | Noticed Ijyb
   424 | D        | HP: 2/59 [orc priest/divine providence (11)]
   428 | D        | Slain by an orc priest

Skill      XL: |  1  2  3  4  5  6  7 |
---------------+----------------------+-----
Axes           | 5 6 7 9 10 | 10.7
Fighting       | 6 7 8 9 10 | 10.6
Armour         | 3 4 5 6 |  6.9
Dodging        | 2 3 4 5 |  5.7
Stealth        | 1 |  1.2

Action                   |  1- 3 |  4- 6 |  7- 9 || total
-------------------------+-------+-------+-------++-------
Melee: Hand axe          |    10 |    31 |    38 ||    79
Invok: Berserk           |       |     1 |     2 ||     3
  Eat: Chunk             |       |       |     3 ||     3
Armor: Animal skin       |     1 |     8 |       ||     9
       Chain mail        |       |    13 |    32 ||    45
Dodge: Dodged            |     6 |    22 |    16 ||    44
